Cogmind - Beta 15 @@@ ROGUE MODE // 2025.08.04 @ 00:34:26 Player: Inverisimilidude Result: Destroyed by Tesla Bomb Trap Performance ------------- Evolutions (6) 3000 Regions Visited (17) 3400 Robots Destroyed (166) 830 Value Destroyed (6784) 6784 Prototype IDs (41) 820 Alien Tech Used (2) 400 Bonus (3052) 3052 TOTAL SCORE: 18286 Bonus ------- High Alert Combat Kills 876 Follower Combat Kills 1294 Aligned with FarCom 300 Met Imprinter 300 Met Zhirov 300 Friendly Fire -18 Cogmind --------- Core Integrity 0/1150 Matter 265/300 Energy 98/100 System Corruption 13% Temperature Cool (0) Movement Core (50) Location -4/Factory Parts ------- > --- POWER (1) -------- (None) > --- PROPULSION (6) --- (None) > --- UTILITY (8) ------ (None) > --- WEAPON (4) ------- Heavy Pick > --- INVENTORY (5) ---- Improved Cloaking Device Advanced Drone Bay (2/2) Hacking Drone Bay (1/1) Field Lobotomy Kit (3) Peak State ------------ > --- POWER ------------ Antimatter Reactor > --- PROPULSION ------- Heavy Treads Flexi-carbon Leg Flexi-carbon Leg Myomer Leg Myomer Leg > --- UTILITY ---------- Huge Storage Unit Large Matter Pod Advanced Visual Processing Unit Improved Targeting Computer Improved Targeting Computer Advanced Phase Shifter Makeshift System Shield Advanced System Shield > --- WEAPON ----------- Bore Cannon Bore Cannon Micro-nuke Launcher > --- INVENTORY -------- Light Antimatter Reactor Heavy Treads Power Amplifier Advanced Heat Sink Advanced Particle Charger Advanced ECM Suite Damper Plating Advanced Hardlight Generator Advanced Drone Bay Hacking Drone Bay Transdimensional Reconstructor Improved Arc Projector Matter Neutralizer Heavy Battle Rifle Field Lobotomy Kit Ripper GAL Module [Rating: 102] Favorites ----------- Power Nuclear Core Engine Light Angular Momentum Engine Power Core Nuclear Core Reactor Light Antimatter Reactor Propulsion Compact Wheel Treads Armored Treads Leg Flexi-carbon Leg Wheel Compact Wheel Hover Unit Antigrav System Flight Unit Cooled Nuclear Pulse Thruster Utility Huge Storage Unit Device Structural Scanner Storage Huge Storage Unit Processor Improved Targeting Computer Hackware Advanced System Shield Protection Improved Medium Armor Plating Weapon Improved EM Pulse Cannon Energy Gun Quantum Rifle Energy Cannon Improved EM Pulse Cannon Ballistic Gun Gauss Rifle Ballistic Cannon Light Cannon Launcher Precision Grenade Launcher Special Weapon RU-N14's Throwing Claymores Impact Weapon Powered Hammer Slashing Weapon Ripper Piercing Weapon Heavy Pick Build | -11 -10 -10 -10 -9 -8 -7 -7 -6 -5 -5 -5 -5 -5 -4 -4 -4 -4 ------- Run | Yrd Mat Min Exi Min Mat Fac Low Zio Pro Fac Upp Upp Zhi Pro Fac Was Fac Slots Evolved 12 | . . . . . 4 2 . . . 4 . . . . 2 . . Power . | . . . . . . . . . . . . . . . . . . Propulsion 4 | . . . . . 1 1 . . . 1 . . . . 1 . . Utility 6 | . . . . . 2 1 . . . 2 . . . . 1 . . Weapon 2 | . . . . . 1 . . . . 1 . . . . . . . Parts Attached 143 | 7 6 3 . 5 13 13 12 2 6 9 17 . 7 13 3 5 22 Power 12 | 1 . 1 . . 2 1 1 . . . 2 . 1 1 . 1 1 Engine 3 | 1 . 1 . . 1 . . . . . . . . . . . . Core 5 | . . . . . 1 1 1 . . . 2 . . . . . . Reactor 4 | . . . . . . . . . . . . . 1 1 . 1 1 Propulsion 36 | 2 . 1 . 2 4 2 2 . 1 3 4 . 1 5 1 . 8 Treads 9 | . . . . 1 2 . 1 . 1 . 1 . . 1 . . 2 Leg 5 | . . . . . . . . . . 1 . . . . . . 4 Wheel 18 | 2 . 1 . 1 2 2 1 . . 2 3 . . 1 1 . 2 Hover 1 | . . . . . . . . . . . . . . 1 . . . Flight 3 | . . . . . . . . . . . . . 1 2 . . . Utility 45 | 2 2 1 . 1 4 3 4 1 2 4 5 . 3 1 2 2 8 Device 20 | 1 1 1 . . 2 1 2 1 1 2 4 . . 1 . . 3 Storage 5 | 1 1 . . . 1 . . . . . 1 . 1 . . . . Processor 7 | . . . . 1 . 1 1 . . . . . . . . . 4 Hackware 3 | . . . . . . . . . . . . . 1 . 2 . . Protection 10 | . . . . . 1 1 1 . 1 2 . . 1 . . 2 1 Artifact . | . . . . . . . . . . . . . . . . . . Weapon 50 | 2 4 . . 2 3 7 5 1 3 2 6 . 2 6 . 2 5 Energy Gun 3 | . . . . . . . . . . . . . . 3 . . . Energy Cannon 3 | . . . . . 1 1 1 . . . . . . . . . . Ballistic Gun 13 | 2 . . . . . 4 3 . . . 2 . 1 . . 1 . Ballistic Cannon 16 | . 2 . . 2 2 . . . 1 2 2 . 1 1 . 1 2 Launcher 5 | . 1 . . . . 1 1 . . . . . . 1 . . 1 Special Weapon 6 | . . . . . . . . 1 2 . 1 . . 1 . . 1 Impact Weapon 1 | . . . . . . 1 . . . . . . . . . . . Slashing Weapon 2 | . 1 . . . . . . . . . 1 . . . . . . Piercing Weapon 1 | . . . . . . . . . . . . . . . . . 1 Special Melee Weapon . | . . . . . . . . . . . . . . . . . . Unidentified Prototypes 9 | . . . . . . 1 . 2 . . . . 5 . . . 1 Parts Lost 65 | . 1 2 . 4 . 3 9 . 1 5 12 1 . 14 . . 13 Power 6 | . . 1 . . . . 1 . . 1 1 . . 1 . . 1 Propulsion 21 | . . 1 . 2 . . 3 . 1 3 4 . . 3 . . 4 Utility 22 | . 1 . . 1 . 1 3 . . 1 4 1 . 4 . . 6 Weapon 16 | . . . . 1 . 2 2 . . . 3 . . 6 . . 2 Highest Loss Streak 6 | . 1 2 . 2 . 1 5 . 1 3 4 1 . 6 . . 6 To Critical Strikes . | . . . . . . . . . . . . . . . . . . Average Backups 19 | 4 10 19 22 23 24 24 23 22 23 22 19 21 22 15 12 16 14 Power . | . 1 1 1 1 1 1 . . . . . . . . . . . Propulsion 1 | 2 4 5 5 3 3 2 1 . . . . 1 1 1 1 1 . Utility 8 | . . 3 4 5 6 9 11 11 13 11 10 10 9 7 7 10 7 Weapon 7 | . 4 10 11 11 12 9 7 10 8 8 8 9 9 5 2 2 3 Tool/Special . | . . . . . . . . . . . . . . . . . . Unused Backups 42 | . . . 1 . 14 6 1 . 5 . . . 4 . . . 11 Power 6 | . . . . . 3 1 . . . . . . 1 . . . 1 Propulsion 4 | . . . . . 3 . . . . . . . . . . . 1 Utility 22 | . . . 1 . 5 . 1 . 5 . . . 3 . . . 7 Weapon 10 | . . . . . 3 5 . . . . . . . . . . 2 Tool/Special . | . . . . . . . . . . . . . . . . . . Average Slot Usage (%) 87 | . 97 97 100 92 98 99 94 92 91 86 80 85 62 77 90 92 61 Engine 2 | . 14 12 14 14 2 . . . . . . . . . . . . Core 3 | . . . . . 6 7 6 7 7 4 3 5 3 . . . . Reactor 1 | . . . . . . . . . . . . . 1 4 5 5 3 Treads 6 | . . . . 2 9 7 7 7 12 9 6 5 5 6 5 5 6 Wheel 13 | . 28 26 28 25 18 23 21 15 9 9 7 11 11 1 8 10 6 Flight 2 | . . . . . . . . . . . . . . 10 10 10 . Device 13 | . 11 14 14 6 17 15 14 15 15 13 23 26 20 9 10 10 4 Storage 7 | . 14 14 14 14 9 7 7 7 7 5 7 5 5 5 5 5 3 Processor 4 | . . . . 1 . 6 7 7 7 5 5 5 5 5 5 5 7 Hackware 1 | . . . . . . . . . . . . . 2 . 8 10 7 Protection 4 | . . . . . 8 6 3 7 7 10 . . 1 5 5 7 6 Energy Gun 1 | . . . . . . . . . . . . . . 8 5 3 . Energy Cannon 2 | . . . . . 8 6 3 7 7 1 . . . . . . . Ballistic Gun 6 | . 21 . . 3 2 14 18 10 7 6 2 8 . . . 1 1 Ballistic Cannon 6 | . 4 27 28 14 16 . . . 5 7 3 3 . 2 10 9 9 Slashing Weapon 1 | . . . . 1 . . . . . . 3 5 . 4 5 5 . Peak Build Rating 102 | 7 9 14 15 17 28 43 43 51 48 69 80 75 85 88 94 97 102 Average Rating 51 | 5 7 12 14 14 25 40 35 46 46 56 68 73 64 80 91 92 73 On Entrance 45 | . 7 9 14 15 15 28 38 38 44 46 64 71 71 85 83 94 89 Naked Turns 75 | . . . . . . . . . . . . . . . . . 75 Heaviest Build 147 | 14 92 96 96 96 112 113 111 115 115 124 126 115 118 131 131 142 147 Greatest Support 140 | 32 32 32 26 20 28 40 40 28 28 36 56 56 56 56 20 20 140 Greatest Overweight (x) 13 | . 2 5 3 9 4 2 3 4 7 11 12 2 3 13 13 7 7 Average Overweight (x) 3 | . 1 2 3 4 3 2 2 3 6 5 3 1 1 6 7 6 2 Largest Inventory Capacity 25 | 8 25 25 25 25 25 25 25 25 25 25 25 25 25 25 25 25 25 Average Capacity 24 | 7 18 25 25 25 25 25 25 25 25 25 25 25 25 25 25 25 19 Most Carried 25 | 6 18 21 24 25 25 25 25 25 25 25 25 24 25 23 16 25 25 Average Carried 21 | 4 10 19 22 23 24 24 23 23 24 24 21 23 24 17 14 21 18 Final Capacity 25 | 8 25 25 25 25 25 25 25 25 25 25 25 25 25 25 25 25 5 Final Carried 25 | 6 18 21 24 23 25 24 18 25 25 25 24 24 23 16 15 25 5 Class Distribution -------------------- 25% | Mutant 16% | Gunner 14% | Skirmisher 10% | Scavenger-Tank 8% | Scavenger-Mutant 5% | Scavenger-Gunner 5% | Hacker-Tank 5% | Derelict-Mutant Dominant Class ---------------- Mutant | -10/Materials Mutant | -10/Mines Mutant | -10/Exiles Mutant | -9/Mines Skirmisher | -8/Materials Skirmisher | -7/Factory Skirmisher | -7/Lower Caves Gunner | -6/Zion Scavenger-Gunner | -5/Proximity Caves Scavenger-Tank | -5/Factory Derelict-Mutant | -5/Upper Caves Derelict-Gunner | -5/Upper Caves Mutant | -5/Zhirov Scavenger-Mutant | -4/Proximity Caves Hacker-Tank | -4/Factory Hacker-Tank | -4/Waste Scavenger-Tank | -4/Factory Resources | -11 -10 -10 -10 -9 -8 -7 -7 -6 -5 -5 -5 -5 -5 -4 -4 -4 -4 ----------- Run | Yrd Mat Min Exi Min Mat Fac Low Zio Pro Fac Upp Upp Zhi Pro Fac Was Fac Matter Collected 6574 | 346 258 162 108 176 542 464 685 94 228 469 783 141 111 821 . 131 1055 Remotely 252 | . . . . . . . . . . . 252 . . . . . . Salvage Created 5350 | 165 427 79 . 151 470 415 721 . 476 531 371 46 . 507 . . 991 Parts 263 | 9 33 4 . 9 30 23 39 . 20 16 16 3 . 31 . . 30 Haulers Intercepted 5 | . 1 . . . 3 . . . . 1 . . . . . . . Recyclers Shooed 5 | . . . . . . . . . . 5 . . . . . . . Parts Field Recycled . | . . . . . . . . . . . . . . . . . . Retrieved Matter . | . . . . . . . . . . . . . . . . . . Parts Self-Destructed 85 | . . . . . . . 28 . 14 . 11 3 . 29 . . . Prevented 10 | . . . . . . . 7 . 3 . . . . . . . . Kills | -11 -10 -10 -10 -9 -8 -7 -7 -6 -5 -5 -5 -5 -5 -4 -4 -4 -4 ------- Run | Yrd Mat Min Exi Min Mat Fac Low Zio Pro Fac Upp Upp Zhi Pro Fac Was Fac Combat Hostiles Destroyed 137 | . 12 6 . 7 7 9 24 . 13 6 17 1 . 12 . . 23 Melee 2 | . . . . . . . . . . . 2 . . . . . . Guns 26 | . 3 . . . . 5 8 . 1 1 2 . . 6 . . . Cannons 50 | . 4 1 . 4 4 2 3 . 5 4 4 1 . 3 . . 15 AOE 56 | . 5 5 . 3 3 1 13 . 7 1 9 . . 2 . . 7 Classes Destroyed 18 | 2 4 1 . . 5 1 . . 2 1 . . . 2 . . . Worker 4 | . 2 . . . . . . . . 2 . . . . . . . Builder 6 | . . . . . 1 1 . . . 2 . . . . . . 2 Tunneler 4 | 3 . . . . . . . . . 1 . . . . . . . Hauler 5 | . 1 . . . 3 . . . . 1 . . . . . . . Recycler 7 | 1 . 1 . 1 1 . . . . 2 . . . . . . 1 Minesweeper 1 | . . . . . . . . . . . . . . 1 . . . Mechanic 1 | . . . . . . . . . . 1 . . . . . . . Operator 2 | . . . . . 1 1 . . . . . . . . . . . Drone 1 | . . . . . . . . . . . . . . 1 . . . Watcher 3 | . . . . . 3 . . . . . . . . . . . . Swarmer 45 | . 3 3 . 4 4 4 13 . 5 . 7 . . . . . 2 Grunt 45 | . 9 . . 2 . 3 9 . 2 1 2 . . 1 . . 16 Brawler 5 | . . . . . . . . . 3 . . . . . . . 2 Duelist 3 | . . . . . . . . . 2 . . . . . . . 1 Sentry 7 | . . . . . 2 1 2 . . 1 1 . . . . . . Hunter 11 | . . . . . 1 . . . . 2 1 1 . 6 . . . Programmer 12 | . . . . . . 1 . . 1 2 2 . . 4 . . 2 Decomposer 1 | . . . . . . . . . . . 1 . . . . . . Assembled 4 | . . 3 . 1 . . . . . . . . . . . . . Thug 1 | . . . . . . . . . . . 1 . . . . . . Butcher 3 | . . . . . . . . . . . 3 . . . . . . Best Kill Streak 20 | 2 5 3 . 4 4 4 9 . 7 6 4 1 . 2 . . 20 Combat Bots Only 17 | . 5 3 . 4 4 4 9 . 7 4 4 1 . 2 . . 17 Max Kills in Single Turn 4 | 1 4 2 . 3 3 2 4 . 4 2 3 1 . 1 . . 3 Gunslinging 1 | . . . . . . 1 . . . . . . . . . . . Exploded 4 | . 4 2 . 3 2 1 3 . 4 1 3 . . 1 . . 2 Melee 1 | . . . . . . . . . . . 1 . . . . . . Uniques/NPCs Destroyed . | . . . . . . . . . . . . . . . . . . Combat | -11 -10 -10 -10 -9 -8 -7 -7 -6 -5 -5 -5 -5 -5 -4 -4 -4 -4 -------- Run | Yrd Mat Min Exi Min Mat Fac Low Zio Pro Fac Upp Upp Zhi Pro Fac Was Fac Hostile Shots Fired 1065 | . 56 24 . 25 26 79 136 . 40 122 102 26 . 206 . . 223 Missed 339 | . 11 9 . 9 7 14 47 . 11 35 32 7 . 74 . . 83 Hits 726 | . 45 15 . 16 19 65 89 . 29 87 70 19 . 132 . . 140 Melee 12 | . . 1 . 2 . . . . 6 . . . . . . . 3 Projectile 714 | . 45 14 . 14 19 65 89 . 23 87 70 19 . 132 . . 137 AOE 3 | . . . . . . . . . . . . . . . . . 3 Critical Strikes 23 | . 2 . . . 1 3 . . . 4 4 . . 2 . . 7 Actively Blocked 2 | . . . . . . . . . . . . . . 1 . . 1 Part Disruptions 2 | . . 1 . . . . . . . . . . . 1 . . . Damage Taken 12468 | . 481 230 . 192 245 1124 1483 . 623 1455 1123 182 . 2236 . . 3094 Core 2266 | . 84 40 . 40 15 188 215 . 39 162 68 34 . 233 . . 1148 Absorbed by Shields 184 | . . . . . . . . . . . . 24 . 160 . . . Redirected to Shielding 255 | . . . . . . . . . . . . . . 144 . . 111 Ignored by Resistances 403 | . . . . . . . 25 . . 220 158 . . . . . . Regen/Repaired (Parts) 628 | . . . . . . . . 628 . . . . . . . . . Core Remaining (%) 63 | 100 . . . 34 97 . . . 36 . . . . 50 . . . Volleys Fired 373 | 19 39 10 . 19 28 37 37 . 17 32 35 3 . 53 . . 44 Largest 4 | 2 2 2 . 2 3 3 3 . 3 4 3 3 . 4 . . 3 Hottest 169 | 40 60 60 . 60 129 125 130 . 137 161 120 86 . 169 . . 169 Shots Fired 883 | 38 75 20 . 38 82 96 99 . 44 98 75 9 . 101 . . 108 Gun 390 | 38 51 . . 12 9 76 70 . 17 33 14 5 . 63 . . 2 Cannon 426 | . 22 15 . 24 71 20 18 . 22 62 46 4 . 24 . . 98 Launcher 53 | . 2 5 . 2 2 . 11 . . 3 11 . . 10 . . 7 Special 14 | . . . . . . . . . 5 . 4 . . 4 . . 1 Kinetic 697 | 38 73 15 . 36 52 76 70 . 27 90 56 9 . 55 . . 100 Thermal 30 | . . . . . . . . . . . . . . 30 . . . Explosive 65 | . 2 5 . 2 2 . 11 . 4 3 15 . . 14 . . 7 Electromagnetic 89 | . . . . . 28 20 18 . 12 5 4 . . 2 . . . Robot Hit Streak 12 | 6 7 4 . 4 8 12 12 . 12 10 6 1 . 11 . . 12 Robot Miss Streak 6 | 4 3 5 . 4 3 2 3 . 1 6 3 3 . 4 . . 3 Penetration Max 1 | . . . . . . 1 . . . 1 . . . 1 . . 1 Secondary Targets 3 | . . . . . . 2 . . . . . . . 1 . . . Max Gunslinging Chain 2 | . . . . . . 2 . . . . . . . 1 . . . Shots Hit Robots 533 | 23 44 7 . 17 37 66 66 . 32 64 54 3 . 66 . . 54 Core Hits 303 | 6 23 17 . 12 22 15 46 . 20 29 30 3 . 33 . . 47 Critical Kills 8 | . . . . . . 1 . . . . . . . . . . 7 Critical Parts Destroyed 21 | . . . . 1 . . . . . 1 . . . 1 . . 18 Critical Strikes 56 | . 2 . . 3 1 1 . . 3 8 7 . . 5 . . 26 Burn 2 | . . . . . . . . . . . . . . 2 . . . Destroy 27 | . . . . 1 . 1 . . . . . . . . . . 25 Blast 20 | . 2 . . 2 1 . . . 1 7 5 . . 1 . . 1 Corrupt 1 | . . . . . . . . . 1 . . . . . . . . Smash 2 | . . . . . . . . . . 1 . . . 1 . . . Sever 4 | . . . . . . . . . 1 . 2 . . 1 . . . Melee Attacks 37 | . 1 . . 8 . 3 1 1 . 6 8 . . 5 . . 4 Impact 13 | . . . . . . 3 1 1 . 6 1 . . 1 . . . Slashing 20 | . 1 . . 8 . . . . . . 7 . . 4 . . . Piercing 4 | . . . . . . . . . . . . . . . . . 4 Sneak Attacks 9 | . . . . . . . . . . 5 2 . . 2 . . . Combat Hostiles . | . . . . . . . . . . . . . . . . . . Follow-up Attacks 1 | . . . . . . . . . . . 1 . . . . . . Damage Inflicted 20583 | 225 821 519 . 404 1116 1507 2530 . 1752 2640 2481 49 . 2370 . . 4169 Guns 4130 | 225 361 . . 48 40 976 814 . 171 476 173 9 . 783 . . 54 Cannons 6655 | . 278 102 . 212 776 367 422 . 453 961 793 40 . 250 . . 2001 Explosions 8535 | . 182 417 . 144 300 164 1294 . 1021 761 1183 . . 968 . . 2101 Melee 866 | . . . . . . . . . . 410 243 . . 213 . . . Ramming 45 | . . . . . . . . . . 32 . . . . . . 13 Kinetic 8538 | 225 639 102 . 260 360 976 814 . 356 1377 847 49 . 478 . . 2055 Thermal 793 | . . . . . 138 56 . . . 73 . . . 526 . . . Explosive 8268 | . 182 417 . 144 162 108 1294 . 1021 688 1183 . . 968 . . 2101 Electromagnetic 1721 | . . . . . 456 367 422 . 268 60 119 . . 29 . . . Impact 470 | . . . . . . . . . . 410 30 . . 30 . . . Slashing 748 | . . . . . . . . . 107 . 302 . . 339 . . . Piercing . | . . . . . . . . . . . . . . . . . . Highest Corruption 14 | . . . . 5 . 1 1 1 4 4 7 7 7 14 . . 13 Average Corruption 7 | . . . . 5 . 1 1 1 3 3 6 7 7 12 . . 5 Corruption Purged . | . . . . . . . . . . . . . . . . . . Corruption Blocked . | . . . . . . . . . . . . . . . . . . Effects 243 | . . . . 6 . . 6 1 20 3 47 21 8 117 . . 14 Message Errors 62 | . . . . 2 . . 2 1 3 1 16 6 3 26 . . 2 Matter Fused 48 | . . . . 1 . . 2 . 4 2 6 5 1 26 . . 1 Heat Flow Errors 34 | . . . . . . . . . 2 . 9 2 1 17 . . 3 Energy Discharges 33 | . . . . 2 . . 1 . 2 . 4 2 1 20 . . 1 Parts Rejected 1 | . . . . . . . . . . . . . . . . . 1 Parts Fused 3 | . . . . . . . . . . . 2 . . 1 . . . Data Loss (minor) 31 | . . . . 1 . . . . 4 . 6 1 2 15 . . 2 Data Loss (major) 12 | . . . . . . . . . 5 . 1 2 . 3 . . 1 Misfires 4 | . . . . . . . . . . . 1 1 . 2 . . . Alerts 7 | . . . . . . . . . . . 1 1 . 4 . . 1 Misdirections 2 | . . . . . . . . . . . . . . . . . 2 Weapon Failures 6 | . . . . . . . 1 . . . 1 1 . 3 . . . Overload Shots . | . . . . . . . . . . . . . . . . . . Overflow Damage 960 | . . 5 . 12 50 48 48 . 22 273 191 . . 85 . . 226 Projectiles 204 | . . . . . 38 19 20 . . 25 15 . . . . . 87 Explosions 413 | . . 5 . 12 12 29 28 . 22 82 65 . . 19 . . 139 Melee 343 | . . . . . . . . . . 166 111 . . 66 . . . Knockbacks 55 | . 3 2 . 2 4 . . . . 13 5 . . 3 . . 23 Impact 3 | . . . . . . . . . . 2 . . . . . . 1 Kinetic 44 | . 3 2 . 2 3 . . . . 9 5 . . 3 . . 17 Secondary 8 | . . . . . 1 . . . . 2 . . . . . . 5 Self-Inflicted Damage 774 | . . . . . . 252 189 . . 61 . . . 65 . . 207 Shots 19 | . . . . . . 4 5 . . 2 . . . 2 . . 6 Rammed 4 | . . . . . . . . . . 2 . . . . . . 2 Targets Rammed 4 | . . . . . . . . . . 2 . . . . . . 2 Kicked . | . . . . . . . . . . . . . . . . . . Crushed . | . . . . . . . . . . . . . . . . . . Highest Temperature 364 | . 91 15 . 50 48 10 258 . 145 48 364 171 89 253 . . 216 Average Temperature 50 | . 48 6 . 18 15 3 68 . 34 13 103 92 66 64 . . 30 Received Heat Transfer 1839 | . 225 82 . 66 81 90 369 . 117 117 153 12 . 4 . . 523 Siege Activations . | . . . . . . . . . . . . . . . . . . Martial Activations . | . . . . . . . . . . . . . . . . . . Shielding Activations . | . . . . . . . . . . . . . . . . . . Robots Disrupted . | . . . . . . . . . . . . . . . . . . Combat Hostiles . | . . . . . . . . . . . . . . . . . . Robots Corrupted 4 | . . . . . . 1 . . . 1 . . . 1 . . 1 Combat Hostiles 3 | . . . . . . 1 . . . . . . . 1 . . 1 Parts Fried 12 | . . . . . 3 2 2 . 1 4 . . . . . . . Impact Corruptions 12 | . . . . . . . . . . 9 . . . 2 . . 1 Robots Melted . | . . . . . . . . . . . . . . . . . . Combat Hostiles . | . . . . . . . . . . . . . . . . . . Parts Melted 3 | . . . . . . . . . . . . . . 3 . . . Heat Transferred 940 | . . . . . 100 50 . . . 50 . . . 740 . . . Parts Sabotaged 3 | . . . . . . . . . . . . . . . . . 3 Parts Stolen . | . . . . . . . . . . . . . . . . . . Parts Stripped . | . . . . . . . . . . . . . . . . . . Power Chain Reactions 1 | . . . . . . 1 . . . . . . . . . . . Alert | -11 -10 -10 -10 -9 -8 -7 -7 -6 -5 -5 -5 -5 -5 -4 -4 -4 -4 ------- Run | Yrd Mat Min Exi Min Mat Fac Low Zio Pro Fac Upp Upp Zhi Pro Fac Was Fac Maximum Alert Level 5 | . . . . . 1 . . . . 1 . . . . . . 5 Low Security (%) 77 | 100 100 100 . 100 93 100 . . . 71 . . . . 100 100 13 Level 1 6 | . . . . . 6 . . . . 28 . . . . . . 13 Level 2 2 | . . . . . . . . . . . . . . . . . 11 Level 3 5 | . . . . . . . . . . . . . . . . . 26 Level 4 5 | . . . . . . . . . . . . . . . . . 25 Level 5 1 | . . . . . . . . . . . . . . . . . 9 High Security . | . . . . . . . . . . . . . . . . . . Max Security . | . . . . . . . . . . . . . . . . . . Peak Influence 1686 | 5 163 75 . 101 250 193 . . . 346 . . . . 150 24 1686 Initial 150 | . 3 57 . . . 102 . . . . . . . . 150 24 . Average 227 | 1 56 18 . 19 48 102 . . . 109 . . . . 112 1 879 Influence Increases 6413 | 20 355 108 . 146 492 404 540 . 302 613 295 30 . 280 150 . 2678 Destroy 0b10 Robot/C 3160 | . 240 60 . 120 140 180 480 . 280 220 260 20 . 220 . . 940 Destroy 0b10 Robot/NC 205 | 20 15 5 . 5 45 10 . . . 55 5 . . 10 . . 35 Destroy Leader 490 | . 52 10 . 10 52 30 30 . 20 44 30 10 . 50 . . 152 Allied During Kill 632 | . . . . . . . . . 2 17 . . . . . . 613 Successful Hack 32 | . . . . . . 16 . . . . . . . . . . 16 Disable Machine 375 | . 30 . . . 60 105 . . . 120 . . . . . . 60 Anti-Garrison Action 300 | . . . . . 150 . . . . . . . . . . . 150 Destroy Structure 604 | . 18 33 . 11 45 63 . . . 142 . . . . . . 292 Advance Influence 150 | . . . . . . . . . . . . . . . 150 . . Partial Spotted 30 | . . . . . . . . . . . . . . . . . 30 Lose Combat Pursuer 435 | . . . . . . . 30 . . 15 . . . . . . 390 Influence Decreases 4735 | 15 213 252 3 146 266 503 385 282 302 276 632 30 . 280 80 70 1000 Entered New Map 721 | . 2 90 3 . . 124 48 282 . . 126 . . . . 46 . Time Decay 3055 | 15 201 142 . 146 266 349 277 . 272 206 396 30 . 211 80 24 440 Lost Part 478 | . 10 9 . . . 30 60 . 10 50 110 . . 69 . . 130 Lost Ally 481 | . . 11 . . . . . . 20 20 . . . . . . 430 Squads Dispatched 34 | . 2 . . . 5 5 . . . 2 . . . . . . 20 Investigation 6 | . 1 . . . 2 1 . . . . . . . . . . 2 Extermination 6 | . . . . . . 1 . . . 1 . . . . . . 4 Reinforcement 11 | . 1 . . . 1 3 . . . 1 . . . . . . 5 Assault 9 | . . . . . 2 . . . . . . . . . . . 7 Garrison 2 | . . . . . . . . . . . . . . . . . 2 Intercept . | . . . . . . . . . . . . . . . . . . Searches Triggered . | . . . . . . . . . . . . . . . . . . Construction Impeded 2 | . . . . . . 1 . . . . . . . . . . 1 Haulers Reinforced 3 | . . . . . . 1 . . . 1 . . . . . . 1 Active Scanning Responses . | . . . . . . . . . . . . . . . . . . Cargo Convoy Interrupts . | . . . . . . . . . . . . . . . . . . Stealth | -11 -10 -10 -10 -9 -8 -7 -7 -6 -5 -5 -5 -5 -5 -4 -4 -4 -4 --------- Run | Yrd Mat Min Exi Min Mat Fac Low Zio Pro Fac Upp Upp Zhi Pro Fac Was Fac Distress Signals 9 | . 2 . . . 1 . . . . 3 . . . . . . 3 Communications Jammed . | . . . . . . . . . . . . . . . . . . Distress Signals . | . . . . . . . . . . . . . . . . . . Times Spotted 255 | . 20 17 . 7 17 15 26 . 13 22 17 2 . 13 . . 86 Peak Tracking Total 19 | . 5 19 . 4 5 7 7 . 9 7 5 1 . 4 . . 12 Tactical Retreats 9 | . . . . . . . 1 . . 1 . . . . . . 7 Traps | -11 -10 -10 -10 -9 -8 -7 -7 -6 -5 -5 -5 -5 -5 -4 -4 -4 -4 ------- Run | Yrd Mat Min Exi Min Mat Fac Low Zio Pro Fac Upp Upp Zhi Pro Fac Was Fac Traps Triggered 11 | . 1 . . . 3 1 . . . 1 1 . . . 1 . 3 Indirectly . | . . . . . . . . . . . . . . . . . . Trap Hack Attempts . | . . . . . . . . . . . . . . . . . . Triggered . | . . . . . . . . . . . . . . . . . . Disarmed . | . . . . . . . . . . . . . . . . . . Reprogrammed . | . . . . . . . . . . . . . . . . . . Reused . | . . . . . . . . . . . . . . . . . . Traps Extracted . | . . . . . . . . . . . . . . . . . . Installed . | . . . . . . . . . . . . . . . . . . Triggered . | . . . . . . . . . . . . . . . . . . Machines | -11 -10 -10 -10 -9 -8 -7 -7 -6 -5 -5 -5 -5 -5 -4 -4 -4 -4 ---------- Run | Yrd Mat Min Exi Min Mat Fac Low Zio Pro Fac Upp Upp Zhi Pro Fac Was Fac Machines Disabled 30 | . 2 . . . 5 7 2 . 1 8 . . . . . . 5 Max in Single Turn 4 | . 1 . . . 2 4 1 . 1 3 . . . . . . 2 Garrison Access 2 | . . . . . 1 . . . . . . . . . . . 1 Machines Repaired . | . . . . . . . . . . . . . . . . . . Machines Dismantled . | . . . . . . . . . . . . . . . . . . Machines Sabotaged . | . . . . . . . . . . . . . . . . . . Overloaded Fab Kills . | . . . . . . . . . . . . . . . . . . Hacking | -11 -10 -10 -10 -9 -8 -7 -7 -6 -5 -5 -5 -5 -5 -4 -4 -4 -4 --------- Run | Yrd Mat Min Exi Min Mat Fac Low Zio Pro Fac Upp Upp Zhi Pro Fac Was Fac Machines Accessed 27 | . 1 . 1 . 4 4 2 1 . . 1 . 7 . 2 . 4 Terminals 12 | . 1 . . . 3 3 1 . . . . . . . 1 . 3 Fabricators 1 | . . . . . . 1 . . . . . . . . . . . Repair Stations . | . . . . . . . . . . . . . . . . . . Recycling Units . | . . . . . . . . . . . . . . . . . . Scanalyzers . | . . . . . . . . . . . . . . . . . . Garrison Access 3 | . . . . . 1 . . . . . . . . . 1 . 1 Total Hacks 93 | . 5 . 1 . 8 7 7 5 . . 1 . 46 . 3 . 10 Successful 66 | . . . 1 . 2 2 7 5 . . 1 . 46 . . . 2 Failed 27 | . 5 . . . 6 5 . . . . . . . . 3 . 8 Catastrophic 7 | . 1 . . . 1 2 . . . . . . . . 2 . 1 Database Lockouts . | . . . . . . . . . . . . . . . . . . Manual 21 | . 5 . 1 . 6 . . . . . . . . . . . 9 Terminals 30 | . 5 . . . 6 4 6 . . . . . . . 1 . 8 Fabricators 3 | . . . . . . 3 . . . . . . . . . . . Repair Stations . | . . . . . . . . . . . . . . . . . . Recycling Units . | . . . . . . . . . . . . . . . . . . Scanalyzers . | . . . . . . . . . . . . . . . . . . Garrison Access 6 | . . . . . 2 . . . . . . . . . 2 . 2 Terminal Hacks 64 | . . . 1 . 2 1 7 5 . . 1 . 46 . . . 1 Record 40 | . . . . . . . 6 . . . . . 34 . . . . Part Schematic 9 | . . . . . . . . 5 . . . . 4 . . . . Robot Analysis 6 | . . . . . 2 . . . . . . . 4 . . . . Prototype ID Bank 4 | . . . . . . . . . . . . . 4 . . . . Open Door 2 | . . . . . . . 1 . . . 1 . . . . . . Branch Access Points 2 | . . . . . . 1 . . . . . . . . . . 1 Proto ID Catalog 1 | . . . 1 . . . . . . . . . . . . . . Fabricator Hacks 1 | . . . . . . 1 . . . . . . . . . . . Network Status 1 | . . . . . . 1 . . . . . . . . . . . Repair Station Hacks . | . . . . . . . . . . . . . . . . . . Recycling Unit Hacks . | . . . . . . . . . . . . . . . . . . Scanalyzer . | . . . . . . . . . . . . . . . . . . Garrison Access Hacks . | . . . . . . . . . . . . . . . . . . Unauthorized Hacks 1 | . . . . . . . . . . . . . . . . . 1 Terminals . | . . . . . . . . . . . . . . . . . . Fabricators . | . . . . . . . . . . . . . . . . . . Repair Stations . | . . . . . . . . . . . . . . . . . . Recycling Units . | . . . . . . . . . . . . . . . . . . Scanalyzers . | . . . . . . . . . . . . . . . . . . Garrison Access 1 | . . . . . . . . . . . . . . . . . 1 Reprogram 1 | . . . . . . . . . . . . . . . . . 1 Data Cores Recovered 1 | . . . . . 1 . . . . . . . . . . . . Used . | . . . . . . . . . . . . . . . . . . Hacking Detections 11 | . 1 . . . 3 2 1 . . . . . . . 2 . 2 Full Trace Events 4 | . . . . . 2 . 1 . . . . . . . . . 1 Feedback Events . | . . . . . . . . . . . . . . . . . . Feedback Blocked . | . . . . . . . . . . . . . . . . . . Robot Schematics Acquired 3 | . . . . . . . . 3 . . . . . . . . . Robots Built . | . . . . . . . . . . . . . . . . . . Authchips . | . . . . . . . . . . . . . . . . . . Time . | . . . . . . . . . . . . . . . . . . Total Robot Build Rating . | . . . . . . . . . . . . . . . . . . Part Schematics Acquired 24 | . . . . . . . . 20 . . . . 4 . . . . Parts Built . | . . . . . . . . . . . . . . . . . . Authchips . | . . . . . . . . . . . . . . . . . . Time . | . . . . . . . . . . . . . . . . . . Total Part Build Rating . | . . . . . . . . . . . . . . . . . . Parts Repaired . | . . . . . . . . . . . . . . . . . . Time . | . . . . . . . . . . . . . . . . . . Parts Recycled . | . . . . . . . . . . . . . . . . . . Recycled Matter . | . . . . . . . . . . . . . . . . . . Retrieved Matter . | . . . . . . . . . . . . . . . . . . Retrieved Components . | . . . . . . . . . . . . . . . . . . Parts Scanalyzed . | . . . . . . . . . . . . . . . . . . Part Schematics Acquired . | . . . . . . . . . . . . . . . . . . Parts Damaged . | . . . . . . . . . . . . . . . . . . Bothacking | -11 -10 -10 -10 -9 -8 -7 -7 -6 -5 -5 -5 -5 -5 -4 -4 -4 -4 ------------ Run | Yrd Mat Min Exi Min Mat Fac Low Zio Pro Fac Upp Upp Zhi Pro Fac Was Fac Used RIF Installer . | . . . . . . . . . . . . . . . . . . Robots Hacked . | . . . . . . . . . . . . . . . . . . Non-combat . | . . . . . . . . . . . . . . . . . . Combat . | . . . . . . . . . . . . . . . . . . Robot Hacks Applied . | . . . . . . . . . . . . . . . . . . Relay Couplers Released 4 | . . . . . 3 . . . . . . . . . . . 1 Machine Destruction 4 | . . . . . 3 . . . . . . . . . . . 1 Fabnet Peak Effective % . | . . . . . . . . . . . . . . . . . . Robots Rewired 2 | . . . . . . . . . 2 . . . . . . . . Allies Hacked 3 | . . . . . . . . . . . . . . . . . 3 Hacks Repelled . | . . . . . . . . . . . . . . . . . . Allies | -11 -10 -10 -10 -9 -8 -7 -7 -6 -5 -5 -5 -5 -5 -4 -4 -4 -4 -------- Run | Yrd Mat Min Exi Min Mat Fac Low Zio Pro Fac Upp Upp Zhi Pro Fac Was Fac Total Allies 29 | . . 1 . . . . . . 3 . . . . . . 20 5 Largest Group 20 | . . 1 . . . . . . 2 2 . . . . . 20 20 Highest-Rated Group 781 | . . 31 . . . . . . 78 78 . . . . . 781 781 Highest-Rated Ally 60 | . . 31 . . . . . . 60 49 . . . . . 50 54 Total Orders 1 | . . . . . . . . . . . . . . . . . 1 AID 1 | . . . . . . . . . . . . . . . . . 1 Ally Attacks 216 | . . 2 . . . . . . 3 14 . . . . . . 197 Total Damage 6186 | . . 44 . . . . . . 85 352 . . . . . . 5705 Kills 39 | . . 1 . . . . . . 1 7 . . . . . . 30 Allies Corrupted . | . . . . . . . . . . . . . . . . . . Allies Melted . | . . . . . . . . . . . . . . . . . . Turrets Deployed 1 | . . . 1 . . . . . . . . . . . . . . Field Lobotomies 2 | . . . . . . . . . 1 . . . . . . . 1 Intel | -11 -10 -10 -10 -9 -8 -7 -7 -6 -5 -5 -5 -5 -5 -4 -4 -4 -4 ------- Run | Yrd Mat Min Exi Min Mat Fac Low Zio Pro Fac Upp Upp Zhi Pro Fac Was Fac Active Infowar (turns) 15787 | 12 622 628 633 272 982 887 1217 2961 1418 632 1388 559 270 2309 . . 997 Optics 773 | . . . . . . . . . . . . . . . . . 773 Sensors 2697 | . 61 628 633 272 . . 879 . . . . . . . . . 224 Terrain 2690 | . . . . . . . . . . . 57 54 270 2309 . . . Structural 10382 | . . . . . 982 887 1217 2961 1418 632 1388 559 270 68 . . . Seismic 573 | 12 561 . . . . . . . . . . . . . . . . Robot Analysis Total 6 | . . . . . 2 . . . . . . . 4 . . . . Derelict Logs Recovered 9 | . . . . 2 . . 2 1 1 . 1 1 . 1 . . . Drone Launches . | . . . . . . . . . . . . . . . . . . Drone Recoveries . | . . . . . . . . . . . . . . . . . . Exploration | -11 -10 -10 -10 -9 -8 -7 -7 -6 -5 -5 -5 -5 -5 -4 -4 -4 -4 ------------- Run | Yrd Mat Min Exi Min Mat Fac Low Zio Pro Fac Upp Upp Zhi Pro Fac Was Fac Turns Passed 18655 | 217 727 651 633 625 1064 887 1217 2961 1418 718 1411 559 270 3101 167 546 1483 Spaces Moved 10504 | 148 498 445 465 316 608 496 830 2018 701 329 738 440 207 759 88 298 1120 Core 597 | 1 . . . . . . . . . . . . . . . . 596 Treads 502 | . . . . . . . . . . . 44 . . 451 . . 7 Legs 21 | . . . . . . . . . . . . . . . . . 21 Wheels 9384 | 147 498 445 465 316 608 496 830 2018 701 329 694 440 207 308 88 298 496 Hover . | . . . . . . . . . . . . . . . . . . Flight . | . . . . . . . . . . . . . . . . . . Fastest Speed 50 | 50 100 130 135 140 135 123 123 140 140 131 115 115 115 130 170 170 50 Average Speed 158 | 99 116 136 135 151 144 123 124 145 189 169 169 123 115 383 185 173 110 Slowest Speed 570 | 100 130 175 135 215 150 123 140 155 205 245 490 130 145 570 275 185 540 Overloaded Moves . | . . . . . . . . . . . . . . . . . . Propulsion Burnouts . | . . . . . . . . . . . . . . . . . . Robots Hopped . | . . . . . . . . . . . . . . . . . . Potential Cave-ins . | . . . . . . . . . . . . . . . . . . Cave-ins Triggered . | . . . . . . . . . . . . . . . . . . Teleports 1 | . . . . . . . . . . . . . . . . . 1 Exploration Rate (%) 58 | 7 58 92 92 78 58 13 96 86 71 10 79 54 62 82 2 97 22 Regions Visited 17 Branch Regions 10 Pre-discovered Areas 11 | . . 1 . 1 . . 1 4 . . . . 3 1 . . . Known Exits Taken 5 | . . . . 1 . 1 . . 1 1 . . . 1 . . . Unknown Exits Taken 10 | 1 1 1 1 . 1 . 1 1 . . 1 1 1 . . . . Scrap Searched 19 | . . . . 1 . . 4 3 5 . 2 1 . 3 . . . Spaces Dug 8 | . . . . . . 3 . . . . . . . . . . 5 Terrain Destroyed 828 | . 23 51 . 12 53 73 99 . 57 84 144 2 . 103 . . 127 Melee 4 | . . . . . . 2 . . . . . . . . . . 2 Projectile 78 | . . . . . . . . . 4 15 8 2 . 17 . . 32 AOE 744 | . 23 51 . 12 53 70 99 . 53 69 136 . . 86 . . 92 Terrain Rammed . | . . . . . . . . . . . . . . . . . . Walls Destroyed . | . . . . . . . . . . . . . . . . . . Machines Disabled . | . . . . . . . . . . . . . . . . . . Actions | -11 -10 -10 -10 -9 -8 -7 -7 -6 -5 -5 -5 -5 -5 -4 -4 -4 -4 --------- Run | Yrd Mat Min Exi Min Mat Fac Low Zio Pro Fac Upp Upp Zhi Pro Fac Was Fac Total 11694 | 179 570 466 471 408 746 696 925 2033 759 403 819 446 241 856 92 329 1255 Wait 326 | . 13 . 2 46 41 119 34 . 3 12 6 . . 13 . 11 26 Move 10488 | 147 497 444 464 315 607 495 829 2017 700 328 737 439 206 758 88 297 1120 Hop . | . . . . . . . . . . . . . . . . . . Pick Up 128 | 6 12 4 4 4 26 12 2 7 7 5 7 1 7 5 1 8 10 Fast Attach 67 | 7 1 1 . . 3 3 1 1 2 4 7 . 9 3 1 4 20 Attach 68 | . . 1 . 4 4 6 7 . 3 4 10 1 3 13 2 1 9 Detach 14 | . . . . . . 1 . 1 1 . 3 . 1 1 . 2 4 Swap 81 | . 6 6 . 10 10 7 13 5 4 6 6 2 . 5 . . 1 Drop 92 | . 1 . 1 2 27 13 1 1 8 4 1 . 15 . . 6 12 Fire 373 | 19 39 10 . 19 28 37 37 . 17 32 35 3 . 53 . . 44 Melee 36 | . 1 . . 8 . 3 1 1 . 6 7 . . 5 . . 4 Ram 4 | . . . . . . . . . . 2 . . . . . . 2 Kick . | . . . . . . . . . . . . . . . . . . Crush . | . . . . . . . . . . . . . . . . . . Escape Stasis . | . . . . . . . . . . . . . . . . . . Rewire 17 | . . . . . . . . . 14 . . . . . . . 3 Trap . | . . . . . . . . . . . . . . . . . . Miscellaneous . | . . . . . . . . . . . . . . . . . . Route ------- -11/Scrapyard -10/Materials -10/Mines (discovered 4 exits: [*Mat x2] / *Exi / [*Sub]) -10/Exiles (discovered 2 exits: [*Min x2]) -9/Mines (discovered 2 exits: *Mat x2) -8/Materials (discovered 2 exits: *Fac x2) -7/Factory (discovered 2 exits: *Low x2) -7/Lower Caves (discovered 2 exits: [*Low] / *Zio) -6/Zion -5/Proximity Caves -5/Factory (discovered 6 exits: Fac x3 / *Upp x2 / Ext) -5/Upper Caves -5/Upper Caves (discovered 2 exits: *Fac / *Zhi) -5/Zhirov -4/Proximity Caves -4/Factory (discovered 2 exits: Res / Arm) -4/Waste -4/Factory (discovered 3 exits: Upp x2 / Arm) History --------- Turn | Location | Event 13 | -11/Scrapyard | Discovered new exit (range 16) 218 | -11/Scrapyard | Entered Materials 303 | -10/Materials | Build established: Mutant 350 | -10/Materials | Discovered new exit (range 13) 945 | -10/Materials | Entered Mines 950 | -10/Mines | Escorted by a lone wolf Derelict 958 | -10/Mines | Met a Derelict bent on vengeance 970 | -10/Mines | Learned location of Storage (-9) 976 | -10/Mines | Discovered new exit (range 13) 1010 | -10/Mines | Discovered new exit (range 15) 1085 | -10/Mines | Assembled infested the area 1128 | -10/Mines | Met 8R-AWN 1266 | -10/Mines | Received a Rocket Launcher from a helpful Derelict 1324 | -10/Mines | Discovered new exit (range 5) 1411 | -10/Mines | Discovered new exit (range 10) 1596 | -10/Mines | Entered Exiles 1617 | -10/Exiles | Discovered new exit (range 14) 1634 | -10/Exiles | Welcomed by 8R-AWN 1655 | -10/Exiles | Met EX-HEX 1699 | -10/Exiles | Met EX-BIN 1720 | -10/Exiles | Aligned with FarCom system 1721 | -10/Exiles | Given EX-Vault access code 1763 | -10/Exiles | Opened EX-Vault 1771 | -10/Exiles | DAS Turret deployed 1771 | -10/Exiles | Found Field Lobotomy Kit 1799 | -10/Exiles | Warned to stay clear of 0b10 Research branches 1914 | -10/Exiles | Met EX-DEC 1939 | -10/Exiles | Visited The Gauntlet 2212 | -10/Exiles | Discovered new exit (range 14) 2229 | -10/Exiles | Left Exiles lab with Field Lobotomy Kit 2229 | -10/Exiles | Entered Mines 2231 | -9/Mines | Core integrity fell below 50% 2267 | -9/Mines | Learned location of Recycling (-9) 2360 | -9/Mines | Discovered new exit (range 12) 2453 | -9/Mines | A weapon hastily lodged in a ceiling crevice suddenly fell to the ground 2524 | -9/Mines | Found a hidden stash of uninstalled traps 2552 | -9/Mines | Found a Scrap Suit stashed away for nefarious purposes 2562 | -9/Mines | Discovered new exit (range 6) 2584 | -9/Mines | Identified exit to Materials 2641 | -9/Mines | Excavation squad dispatched 2641 | -9/Mines | A large section of the Mines collapsed 2775 | -9/Mines | Learned Materials emergency access door positions 2854 | -9/Mines | Entered Materials 2854 | -8/Materials | Evolved 4 slots: Propulsion x1, Utility x2, Weapon x1 3183 | -8/Materials | Build established: Scavenger-Skirmisher 3316 | -8/Materials | Discovered new exit (range 3) 3508 | -8/Materials | Build established: Skirmisher 3816 | -8/Materials | Discovered new exit (range 16) 3918 | -8/Materials | Entered Factory 3918 | -7/Factory | Evolved 2 slots: Propulsion x1, Utility x1 4031 | -7/Factory | Identified exit to Lower Caves 4805 | -7/Factory | Entered Lower Caves 4846 | -7/Lower Caves | Learned Factory emergency access door positions 5287 | -7/Lower Caves | Attracted the attention of an 0b10 checkpoint 5422 | -7/Lower Caves | Discovered new exit (range 14) 5719 | -7/Lower Caves | Learned location of Extension (-5) 5856 | -7/Lower Caves | Lost 5 parts (1p2n1u1w) 5861 | -7/Lower Caves | Core integrity fell below 50% 5933 | -7/Lower Caves | Attracted the attention of an 0b10 base 5933 | -7/Lower Caves | Learned location of 1 exit from Factory 5933 | -7/Lower Caves | Learned 8 Research zone layouts 5976 | -7/Lower Caves | Destroyed 9 combat bots 6003 | -7/Lower Caves | A Derelict revealed a hidden shortcut to a safe place 6022 | -7/Lower Caves | Entered Zion 6041 | -6/Zion | Learned Factory terminal intel 6132 | -6/Zion | System corruption cleaned by Quarantine Array 6169 | -6/Zion | Found Prototype Special Weapon 6169 | -6/Zion | Identified RU-N14's Throwing Claymores 6172 | -6/Zion | Found RU-N14's Throwing Claymores 6174 | -6/Zion | Found RU-N14's Throwing Claymores 6177 | -6/Zion | Found RU-N14's Throwing Claymores 6189 | -6/Zion | Discovered new exit (range 15) 6247 | -6/Zion | Build established: Tank 6296 | -6/Zion | Given the Hacking Drone Bay 6296 | -6/Zion | Found Prototype Device 6297 | -6/Zion | Identified Hacking Drone Bay 6602 | -6/Zion | Learned location of Warlord (-4) 6603 | -6/Zion | Build established: Gunner 6794 | -6/Zion | Learned location of Armory (-4) 6817 | -6/Zion | Found GAL Module 7166 | -6/Zion | Build established: Mutant 7393 | -6/Zion | Visited the Megawrench Repair Shop 7401 | -6/Zion | Megawrench repaired 11 parts 7648 | -6/Zion | Rebuked by Imprinter 7704 | -6/Zion | Build established: Gunner 8983 | -6/Zion | Entered Proximity Caves 8984 | -5/Proximity Caves | Identified exit to Factory 9333 | -5/Proximity Caves | Attracted the attention of an 0b10 outpost 9336 | -5/Proximity Caves | Assimilated Y-72 Warden with FLK Orb 9395 | -5/Proximity Caves | Destroyed 7 combat bots 9690 | -5/Proximity Caves | Build established: Scavenger-Gunner 10401 | -5/Proximity Caves | Entered Factory 10401 | -5/Factory | Accompanied by 2 allies 10401 | -5/Factory | Evolved 4 slots: Propulsion x1, Utility x2, Weapon x1 10402 | -5/Factory | Identified exit to Factory 10402 | -5/Factory | Identified exit to Upper Caves 10403 | -5/Factory | Identified exit to Extension 10405 | -5/Factory | Loaded intel: 28 terminal locations 10709 | -5/Factory | Build established: Scavenger-Tank 10903 | -5/Factory | P-70 Sage assimilated allied Soldier 6a 11102 | -5/Factory | Lost 3 parts (1p2n) 11119 | -5/Factory | Entered Upper Caves 11205 | -5/Upper Caves | Ambushed by wild Derelicts 11541 | -5/Upper Caves | Lost 4 parts (1n2u1w) 11751 | -5/Upper Caves | Learned Factory emergency access door positions 11975 | -5/Upper Caves | Attracted the attention of an 0b10 checkpoint 12069 | -5/Upper Caves | Build established: Derelict-Mutant 12405 | -5/Upper Caves | Discovered new exit (range 7) 12530 | -5/Upper Caves | Entered another Upper Caves area 12530 | -5/Upper Caves | Discovered exit to Factory (range 13) 12564 | -5/Upper Caves | Encountered a Warlord checkpoint 12629 | -5/Upper Caves | Learned 4 Factory zone layouts 12785 | -5/Upper Caves | Discovered new exit (range 8) 13027 | -5/Upper Caves | Build established: Derelict-Gunner 13035 | -5/Upper Caves | Spotted B-75 Beast 13089 | -5/Upper Caves | Entered Zhirov 13092 | -5/Zhirov | Discovered new exit (range 3) 13114 | -5/Zhirov | Met Zhirov 13157 | -5/Zhirov | Learned location of Quarantine (-2) 13157 | -5/Zhirov | Learned location of Testing (-3) 13157 | -5/Zhirov | Learned location of Command (-1) 13179 | -5/Zhirov | Zhirov requested help retrieving the SGEMP Prototype 13202 | -5/Zhirov | Found Alien Artifact 13202 | -5/Zhirov | Identified Integrated Dissipator 13202 | -5/Zhirov | Installed Integrated Dissipator, increased core heat dissipation (+20) 13229 | -5/Zhirov | Found Alien Artifact 13359 | -5/Zhirov | Entered Proximity Caves 13361 | -4/Proximity Caves | Spotter reported a threat 13509 | -4/Proximity Caves | Lost 6 parts (2n2u2w) 13779 | -4/Proximity Caves | Build established: Mutant 14285 | -4/Proximity Caves | System corruption reached 10% 14332 | -4/Proximity Caves | Lost 3 parts (1p1n1w) 14577 | -4/Proximity Caves | Spotted B-86 Titan 14612 | -4/Proximity Caves | Build established: Scavenger-Mutant 16169 | -4/Proximity Caves | Build established: Scavenger-Tank 16359 | -4/Proximity Caves | Discovered exit to Factory (range 8) 16460 | -4/Proximity Caves | Entered Factory 16460 | -4/Factory | Evolved 2 slots: Propulsion x1, Utility x1 16461 | -4/Factory | Identified exit to Armory 16462 | -4/Factory | Identified exit to Research 16627 | -4/Factory | Sucked down chute 16627 | -4/Factory | Entered Waste 16628 | -4/Waste | Joined by Warlord forces that had cleared the area 16786 | -4/Waste | Build established: Hacker-Tank 16816 | -4/Waste | Found Unknown Protection 16903 | -4/Waste | Discovered new exit (range 12) 17173 | -4/Waste | Entered Factory 17173 | -4/Factory | Accompanied by 20 allies 17636 | -4/Factory | P-70 Sage assimilated allied B2-IPQ(g) 17673 | -4/Factory | First assault squad dispatched 17739 | -4/Factory | Lost 8 allies 17766 | -4/Factory | Build established: Scavenger-Tank 17991 | -4/Factory | Garrison activated, responded to threat 18079 | -4/Factory | Lost 9 allies 18111 | -4/Factory | Lost 4 parts (1n3u) 18173 | -4/Factory | Destroyed 17 combat bots 18178 | -4/Factory | Lost 6 parts (1p2n1u2w) 18247 | -4/Factory | Released all parts (16) 18512 | -4/Factory | System corruption reached 10% 18519 | -4/Factory | Core integrity fell below 50% 18530 | -4/Factory | Core integrity fell below 20% 18537 | -4/Factory | Identified Transdimensional Reconstructor 18537 | -4/Factory | Warped through subspace 18550 | -4/Factory | Assimilated P-70 Sage with FLK Orb 18559 | -4/Factory | Sage 7a assimilated hostile W-44 Eye 18630 | -4/Factory | Identified exit to Upper Caves 18656 | -4/Factory | Destroyed by Tesla Bomb Trap Last Messages --------------- 18623_ O-24 Administrator: "IFF HANDSHAKE FAILED. SECURING TERMINAL." 18625_ O-24 Administrator uses terminal to summon reinforcements. 18625_ ALERT: Hostiles spotted, dispatching reinforcements to Terminal F003. 18625_ O-24 Administrator locks terminal. 18630_ Connecting with Terminal... >>Access(Branch) Found 3 branch access points: (104,50) Upper Caves (84,103) Upper Caves (152,173) Armory Map updated. 18649_ Acquired Imp. Cloaking Device. 18650_ System corrupted: IFF burst signal emitted. 18656_ Triggered Tesla Bomb Trap. 18656_ A bubble of electromagnetic force engulfs the area. Map ----- +----------------------------------------------------+ | ?????????????????????????????????????????????????? | | ?????????????????????????????????????????????????? | | ?????????????????????????????????????????????????? | | ?????????????????????????????????????????????????? | | ?????????????????????????????????????????????????? | | ?????????????????????????????????????????????????? | | ?????????????????????????????????????????????????? | | ?????????????????????????????????????????????????? | | ?????????????????????????????????????????????????? | | ?????????????????????????????????????????????????? | | ?????????????????????????????????????????????????? | | ?????????????????????????????????????????????????? | | ?????????????????????????????????????????????????? | | ?????????????????????????????????????????????????? | | ???????????????????????????????????????????????? | | ???????????????????????????????????????????????? | | ???????????????????????????????????????????????? | | ?????????????????#?????????????????????????????? | | ????????????>???? ????????????????????????????? | | ?????????????????# ???????????????????????????? | | ? ?????????????????# ###????????????????????????? | | ? ?????????????????# #???????????????????????? | | ? ?????????????????# #???????????????????????? | | ##/?####????????????# ######??????????????????? | | ? ?????????????+ ###########????????? | | ##/## #?????????????# @ # =#????????? | | # #?????????????# # #????????? | | """ / #?????????????# """" # #????????? | | """ # #?????????????# """" # """ """ #????????? | | """ # #?????????????# """" + """ """ #????????? | | # #??????????#+## # """ """ +????????? | | # #??????????# """" # #????????? | | ##### ###+######## """" # *#????????? | | ????# #? # w """" ###/#######????????? | | ????# #? ! ! # ### #??????????????? | | ????# #?? ?# #??????????????? | | ????# #?? ?# ################??????????????? | | ????# #??? ! ??# T#????????????????????????????? | | ????# #??? ??# #????????????????????????????? | | ????# #???? ???# ##????????????????????????????? | | ????# #???? ???# #?????????????????????????????? | | ????# #??###+###?# #?????????????????????????????? | | ????# #??# #?# #?????????????????????????????? | | ????# #??# T ### #?????????????????????????????? | | ????# #??# "" #?????????????????????????????? | | ????# #??# ### #?????????????????????????????? | | ????# #??# #?# #?????????????????????????????? | | ????# #??### ###?# #?????????????????????????????? | | #####+######+#???# #?????????????????????????????? | | # #???# #?????????????????????????????? | +----------------------------------------------------+ Best States ------------- Heat Dissipation 63 Energy Generation 23 Energy Capacity 660 Matter Stores 300 Matter Capacity 450 Sight Range 20 Robot Scan Range 16 Terrain Scan Range 20 Terrain Scan Density 10 Armor Coverage 450 Resistance: KI 20 Core Shielding 40 Propulsion Shielding 66 Phase Shifting 15 Evasion (%) 55 Targeting Accuracy 12 Recoil Reduction 8 Offensive Hacking 10 Defensive Hacking 25 Item Schematics ----------------- Remote Force Field | -6/Zion | Archive Angular Momentum Engine | -6/Zion | Archive Hyp. Coil Gun | -6/Zion | Archive EM Shield | -6/Zion | Archive Neutrino Core | -6/Zion | Archive Proton Cannon | -6/Zion | Archive Adv. Recoil Stabilizer | -6/Zion | Archive Power Amplifier | -6/Zion | Archive Wave Gun | -6/Zion | Archive Hvy. Phase Cannon | -6/Zion | Archive Adv. Thermal Shield | -6/Zion | Archive Lrn. Missile Launcher | -6/Zion | Archive Adv. Signal Interpreter | -6/Zion | Archive Matter Neutralizer | -6/Zion | Archive Jamming Amplifier | -6/Zion | Archive Flamer | -6/Zion | Free Hvy. Riot Gun | -6/Zion | Free Slug Cannon | -6/Zion | Free Ripper | -6/Zion | Free Phasing Sabre | -6/Zion | Free Assault Drone Bay | -5/Zhirov | Free Exp. Heat Sink | -5/Zhirov | Free Exp. Optical Array | -5/Zhirov | Free Imp. Arc Thrower | -5/Zhirov | Free Robot Schematics ------------------ H-77 Assassin | -6/Zion | Archive A-15 Conveyor | -6/Zion | Archive B-48 Gladiator | -6/Zion | Archive Fabricated ------------ Nothing Repaired ---------- Nothing Alien Tech Used ----------------- Integrated Dissipator Transdimensional Reconstructor Achievements -------------- None Challenges ------------ None Game ------ Seed HybridZhirovDesublimator Manual? 0 Play Time 02:20:42 Cumulative 94.5 hours Start 2025.08.03 @ 21:55:06 End 2025.08.04 @ 00:34:26 Sessions 3 Manual Loads 0 Difficulty Rogue Special Mode None Game No. 112 Rogue 112 Adventurer 0 Explorer 0 Win Type - Total 0 Types 0/0/0/0/0/0/0/0/0/0 Lore% 58 Gallery% 44 Achievement% 42 Wizard Run 0 Options --------- Layout 1 ASCII 0 Keyboard 0 Movement Arrows Keybinds 0 Fullscreen 1 Font 24/Smallcaps Map View 50x35 Zoom Use 0% Tactical HUD 1 Map Filters NONE Filters NONE Steam 1 RUN: 01062e06-6472-41fb-870a-b7eb15850e14